 Dungeon Crawl Stone Soup version 0.31-a0-1074-g0b22e4e0f1 (webtiles) character file.

Game seed: 6099930655698133799

33 drugrobin the Sneak (level 3, 0/30 HPs)
             Began as a Demigod Delver on Dec 8, 2023.
             Slain by a mummy (14 damage)
             ... in an ossuary.
             The game lasted 00:03:55 (725 turns).

drugrobin the Sneak (Demigod Delver)                 Turns: 725, Time: 00:03:55

Health: 0/30       AC:  4    Str: 17    XL:     3   Next: 0%
Magic:  5/5        EV: 12    Int: 12    God:
Gold:   0          SH:  0    Dex: 15    Spells: 2/2 levels left

rFire   . . .        a - +0 mace
rCold   . . .        (no shield)
rNeg    . . .        b - +0 leather armour
rPois   .            l - +0 helmet
rElec   .            (no cloak)
rCorr   .            (no gloves)
SInv    .            (no boots)
Will    .....        (no amulet)
Stlth   +++          (no ring)
HPRegen 0.25/turn    (no ring)
MPRegen 0.09/turn

%: no passive effects
@: no status effects
A: high MP 1, forlorn, divine attributes
a: no special abilities


You were in an ossuary.
You visited 1 branch of the dungeon, and saw 1 of its levels.
You also visited: Ossuary.

Inventory:

Hand Weapons
 a - a +0 mace (weapon)
 d - a +2 hand axe of flaming
 j - a +2 short sword of holy wrath
Armour
 b - a +0 leather armour (worn)
 k - a +0 chain mail
 l - a +0 helmet (worn)
Wands
 g - a wand of digging (3)
Scrolls
 c - a scroll of fog
 e - 4 scrolls of fear
 h - a scroll of enchant weapon {unknown}
 i - a scroll of teleportation {unknown}
 n - 2 scrolls of identify {unknown}
Potions
 f - a potion of haste
 m - a potion of lignification {unknown}
 o - a potion of ambrosia {unknown}


   Skills:
 - Level 2.6 Fighting
 + Level 3.3 Maces & Flails
 - Level 1.7 Dodging
 - Level 4.5 Stealth


You had 2 spell levels left.
You didn't know any spells.
Your spell library was empty.

Dungeon Overview and Level Annotations

Branches:
Dungeon (5/15)            Ossuary (1/1)
 Temple: D:4-7

Annotations:
D:5 exclusions: howler monkey and scorpion


Innate Abilities, Weirdness & Mutations

You have an increased reservoir of magic. (+10% MP)
You shall have no god before yourself.
Your divine heritage dramatically boosts your attributes as you level up.


Message History

You completely miss the hobgoblin zombie.
The hobgoblin zombie is lightly damaged.
The hobgoblin zombie barely misses you.
You hit the hobgoblin zombie.
The hobgoblin zombie is moderately damaged.
The hobgoblin zombie barely misses you.
You hit the hobgoblin zombie.
The hobgoblin zombie is severely damaged.
The hobgoblin zombie closely misses you.
You hit the hobgoblin zombie.
You destroy the hobgoblin zombie!
You have reached level 3!
Your experience leads to a dramatic increase in your attributes!
Increase (S)trength, (I)ntelligence, or (D)exterity?
You feel stronger. x4
Unknown command.
You open the door.
Found a scroll labelled WOWYSHRIFABB.
There is an open door here.
n - 2 scrolls labelled WOWYSHRIFABB (gained 1)
There is an open door here.
You open the door.
Found a cyan potion.
There is an open door here.
o - a cyan potion
There is an open door here.
You open the door.
A mummy comes into view.
Found a scroll of revelation.
You barely miss the mummy. The mummy barely misses you.
You hit the mummy.
The mummy is moderately damaged.
The mummy hits you!
Ouch! That really hurt!
You hit the mummy.
The mummy is heavily damaged.
You hit the mummy but do no damage.
The mummy is heavily damaged.
The mummy hits you!
You die...

.
..............##.....##
.
#.............###...##
. #.......####..# ##.##
. #...8....'.#..# ###
......###.......####..#
#W# .. ....
..............# .# #..#
#..#.#........# .# #..#
#..#+#..####..# .# #..#
#..# #..@M?#..#
.###..###..###..####..#
......................#
......................#
#######################


You could see a mummy.

Vanquished Creatures
  A human zombie (Ossuary)
  2 orcs (D:5)
  2 hobgoblin zombies (Ossuary)
5 creatures vanquished.

Notes
Turn   | Place    | Note
-------+----------+-------------------------------------------
     0 | D:5      | drugrobin the Demigod Delver began the quest for the Orb.
     0 | D:5      | Reached XP level 1. HP: 18/18 MP: 3/3
    28 | D:5      | Noticed a scorpion
   329 | D:5      | Noticed a howler monkey
   419 | D:5      | Found a sand-covered staircase.
   424 | Ossuary  | Entered an ossuary
   424 | Ossuary  | Noticed a wraith
   424 | Ossuary  | Noticed a wraith
   424 | Ossuary  | Noticed a wraith
   630 | Ossuary  | Reached XP level 2. HP: 14/25 MP: 4/4
   695 | Ossuary  | Reached XP level 3. HP: 30/30 MP: 5/5
   725 | Ossuary  | Slain by a mummy

Illustrated notes

Levels and vault maps discovered:
D:5:      layout_basic, enter_ossuary_2, chequers_serial_rivers_micro_e
Ossuary:  ossuary_kennysheep_city_of_the_dead

Skill      XL: |  1 |
---------------+----+-----
Maces & Flails | 3 |  3.3
Fighting       | |  2.6
Dodging        | |  1.7
Stealth        | |  4.5

Action                     || total
---------------------------++-------
  Melee: Mace              ||    31
         Punch             ||     1
    Use: Scroll            ||     1
 Armour: Leather armour    ||    11
  Dodge: Dodged            ||    21

Table legend: (Time is in decaauts)
 A = Elapsed time spent in this place.
 B = Non-inter-level travel time spent in this place.
 C = Inter-level travel time spent in this place.
 D = Time resting spent in this place.
 E = Time spent auto-exploring this place.
 F = Levels seen in this place.
 G = Mean time per level.
                   A        B        C        D        E       F      G
               +--------+--------+--------+--------+--------+-----+--------+
         Total |    733 |    668 |     65 |     43 |     52 |   2 |  366.5 |
       Dungeon |    426 |    361 |     65 |      0 |     52 |   1 |  426.0 |
       Ossuary |    307 |    307 |      0 |     43 |      0 |   1 |  307.0 |
               +--------+--------+--------+--------+--------+-----+--------+

Top non-repeatable levels by time:
     D:5: 426 daAuts
 Ossuary: 307 daAuts
